Map: Glittering Ashes LE

Players

MacroSoft - Winner!

  • Race: Protoss Protoss
  • League: Platinum
  • Spawn Location: 1:00

Shature

  • Race: Terran Terran
  • League: Diamond
  • Spawn Location: 7:00

VOD

Have the link to the VOD?

Description

Time

  • Played on: March 13, 2022, 12:52 a.m.
  • Length: 18:36
Show
View Real Time Build Order
Export as new Build Order

MacroSoft Protoss - Winner!

Build Orders: 1 Gate Expand, Colossus Rush 

Get SALT Encoding   

  12  0:01  Probe  
  13  0:13  Probe  
  14  0:18  Pylon  
  14  0:25  Probe  
  15  0:37  Probe (Chrono Boost)  
  15  0:39  Gateway  
  16  0:48  Assimilator  
  16  0:49  Probe (Chrono Boost)  
  17  0:53  Probe (Chrono Boost)  
  18  1:04  Probe  
  19  1:16  Probe  
  20  1:28  Cybernetics Core  
  20  1:36  Nexus  
  20  1:46  Probe, Pylon  
  21  1:59  Assimilator  
  21  2:03  Probe  
  21  2:05  Stalker (Chrono Boost)  
  21  2:07  Warp Gate  
  24  2:15  Probe  
  25  2:28  Probe  
  26  2:31  Robotics Facility  
  26  2:37  Adept  
  26  2:40  Probe  
  29  2:51  Probe  
  30  2:52  Probe  
  31  3:03  Probe  
  31  3:04  Probe  
  33  3:12  Shield Battery  
  33  3:15  Probe  
  33  3:16  Shield Battery, Probe  
  35  3:22  Pylon  
  35  3:27  Probe  
  35  3:28  Observer, Gateway  
  35  3:31  Gateway  
  35  3:33  Probe  
  38  3:39  Probe  
  38  3:45  Probe  
  39  3:49  Robotics Bay  
  39  3:51  Probe  
  39  3:54  Observer  
  41  3:57  Probe  
  41  3:58  Sentry  
  44  4:03  Probe  
  44  4:05  Pylon  
  44  4:09  Probe  
  46  4:10  Pylon  
  46  4:16  Probe  
  47  4:19  Assimilator  
  47  4:23  Assimilator  
  47  4:24  Stalker  
  47  4:25  Stalker, Pylon  
  47  4:29  Probe  
  52  4:34  Probe  
  53  4:41  Probe  
  53  4:42  Pylon  
  54  4:47  Colossus (Chrono Boost)  
  60  4:58  Nexus  
  60  5:02  Probe  
  60  5:03  Probe  
  63  5:14  Probe  
  63  5:15  Probe  
  63  5:17  Stalker x3  
  70  5:24  Shield Battery  
  70  5:27  Pylon  
  70  5:30  Pylon  
  70  5:31  Probe  
  70  5:32  Probe  
  72  5:42  Colossus (Chrono Boost)  
  72  5:48  Probe  
  72  5:49  Probe  
  80  5:55  Gateway  
  80  5:59  Gateway  
  80  6:00  Gateway  
  80  6:10  Stalker  
  80  6:11  Stalker x2  
  86  6:16  Probe, Pylon  
  87  6:18  Probe  
  87  6:20  Observer  
  87  6:22  Probe  
  87  6:24  Shield Battery  
  89  6:28  Probe  
  90  6:38  Probe  
  90  6:39  Probe  
  92  6:40  Probe  
  92  6:46  Colossus, Pylon  
  99  6:51  Probe x2  
  99  6:52  Extended Thermal Lance  
  101  6:55  Probe  
  101  6:56  Forge  
  101  6:57  Pylon  
  102  7:05  Pylon  
  102  7:08  Probe  
  103  7:11  Probe  
  103  7:13  Probe  
  105  7:26  Twilight Council  
  105  7:27  Probe  
  105  7:28  Probe x2, Forge  
  108  7:34  Assimilator  
  108  7:37  Photon Cannon, Assimilator  
  108  7:38  Photon Cannon  
  108  7:39  Gateway  
  108  7:42  Shield Battery, Gateway  
  108  7:43  Colossus  
  114  7:47  Protoss Ground Weapons Level 1 (Chrono Boost)  
  114  7:50  Probe  
  115  7:53  Probe x2  
  117  7:59  Stalker x2  
  117  8:00  Stalker x2  
  117  8:03  Probe  
  126  8:09  Charge  
  126  8:14  Probe x2  
  126  8:15  Probe  
  126  8:17  Gateway  
  129  8:20  Gateway  
  129  8:22  Pylon  
  129  8:23  Protoss Ground Armor Level 1 (Chrono Boost)  
  129  8:26  Probe x2  
  131  8:27  Probe  
  132  8:38  Probe  
  133  8:46  Nexus, Templar Archives  
  133  8:48  Pylon  
  133  8:51  Colossus (Chrono Boost), Pylon  
  139  9:00  Pylon  
  139  9:09  Pylon  
  139  9:13  Templar Archives  
  139  9:16  Robotics Facility  
  139  9:29  Pylon  
  139  9:30  Photon Cannon  
  139  9:32  Sentry  
  139  9:33  Sentry  
  139  9:34  Zealot x3  
  139  9:36  Pylon  
  149  9:38  Pylon  
  149  9:40  Pylon  
  149  9:44  Psionic Storm  
  148  9:49  Protoss Ground Weapons Level 2 (Chrono Boost)  
  148  9:56  High Templar x2, Shield Battery  
  148  9:57  High Templar  
  148  9:59  Shield Battery  
  154  10:01  Photon Cannon  
  154  10:03  Photon Cannon  
  154  10:07  Stalker x3  
  154  10:08  Stalker  
  154  10:11  Photon Cannon  
  162  10:16  Probe x3  
  162  10:17  Probe  
  166  10:25  Zealot x2  
  166  10:26  Protoss Ground Armor Level 2 (Chrono Boost)  
  170  10:31  High Templar  
  172  10:36  Immortal  
  176  10:43  Zealot x4  
  176  10:44  Zealot x2  
  176  10:45  Pylon  
  176  10:49  Pylon  
  188  10:54  Assimilator  
  188  10:56  Assimilator  
  188  11:03  Probe x4  
  190  11:15  Immortal  
  182  11:20  High Templar  
  182  11:21  High Templar  
  166  11:44  Probe x3  
  169  11:51  Probe  
  169  11:53  Immortal  
  174  11:56  Probe x3  
  177  12:01  High Templar x2  
  177  12:02  High Templar x4, Nexus  
  177  12:03  High Templar, Pylon  
  177  12:06  Archon, Pylon  
  177  12:07  Archon x2  
  191  12:09  Pylon  
  191  12:10  High Templar  
  191  12:13  Pylon  
  191  12:15  Archon  
  193  12:30  Photon Cannon  
  193  12:32  Shield Battery  
  193  12:34  Photon Cannon  
  193  12:37  Shield Battery  
  193  12:40  Photon Cannon  
  193  12:56  Dark Shrine  
  193  12:58  Nexus  
  193  12:59  Warp Prism, Pylon  
  193  13:00  Observer  
  193  13:02  Gravitic Boosters, Pylon  
  193  13:04  Pylon  
  193  13:05  Protoss Ground Weapons Level 3 (Chrono Boost)  
  196  13:06  Protoss Ground Armor Level 3 (Chrono Boost)  
  196  13:37  Assimilator  
  196  13:40  Assimilator  
  196  13:44  Stargate  
  196  13:51  Pylon  
  196  13:53  Gateway  
  196  13:57  Zealot  
  196  13:58  Zealot  
  196  13:59  Gravitic Drive  
  200  14:08  Gateway x2  
  200  14:11  Gateway  
  200  14:14  Gateway  
  192  14:17  Gateway  
  158  15:06  High Templar x4  
  166  15:12  High Templar x2  
  166  15:13  High Templar x2  
  166  15:14  High Templar x2  
  176  15:18  Archon  
  176  15:19  Archon x2  
  178  15:25  Colossus  
  178  15:26  Colossus  
  190  15:32  Photon Cannon  
  190  15:34  Photon Cannon  
  190  15:36  Photon Cannon  
  190  15:43  Shield Battery  
  190  15:50  Nexus  
  190  15:51  Pylon  
  190  15:53  Pylon  
  190  15:55  Pylon  
  190  15:57  Pylon  
  190  16:02  Photon Cannon  
  190  16:03  Assimilator  
  190  16:04  Assimilator  
  190  16:20  Observer  
  190  16:22  Zealot  
Show
View Real Time Build Order
Export as new Build Order

Shature Terran 

Build Orders: Reaper Expand 

Get SALT Encoding   

  12  0:00  SCV  
  13  0:15  Supply Depot  
  13  0:17  SCV  
  14  0:29  SCV  
  15  0:38  Barracks  
  15  0:41  SCV  
  16  0:45  Refinery  
  16  0:53  SCV  
  17  1:05  SCV  
  18  1:17  SCV  
  19  1:27  Reaper  
  19  1:29  Orbital Command  
  20  1:44  Command Center  
  20  1:55  SCV  
  20  1:59  Reaper  
  22  2:01  Supply Depot  
  22  2:10  Barracks  
  22  2:11  SCV  
  23  2:21  Refinery  
  23  2:23  SCV  
  24  2:35  SCV  
  25  2:37  Barracks Reactor  
  25  2:47  SCV  
  26  2:59  SCV  
  26  3:08  Orbital Command  
  26  3:09  Supply Depot  
  26  3:11  Barracks Tech Lab  
  25  3:15  Factory, Marine x2  
  25  3:17  SCV  
  28  3:30  Marine  
  28  3:31  Stimpack  
  28  3:33  Marine x2  
  31  3:37  Bunker  
  31  3:39  SCV  
  31  3:40  SCV  
  33  3:48  Marine  
  34  3:51  Marine x2  
  34  3:55  SCV x2  
  38  4:02  Factory Reactor  
  38  4:06  Marine, Starport  
  38  4:07  Supply Depot  
  38  4:08  Marine  
  38  4:09  Marine  
  41  4:16  SCV  
  42  4:23  Marine  
  43  4:26  Marine x2, SCV  
  43  4:29  SCV  
  43  4:30  Supply Depot  
  47  4:41  SCV x2  
  49  4:53  Supply Depot  
  49  4:55  Medivac x2  
  49  4:57  Marine x3  
  56  5:17  Marine x2  
  56  5:18  Factory Tech Lab  
  56  5:21  Marine  
  59  5:22  SCV x2  
  59  5:28  Refinery  
  61  5:31  Refinery  
  61  5:34  SCV  
  62  5:45  Medivac x2  
  62  5:46  Marine x3  
  62  5:47  SCV x2  
  71  5:52  Command Center  
  71  5:53  Barracks  
  71  5:58  Barracks  
  71  5:59  Barracks  
  71  6:03  Marine  
  72  6:06  Marine  
  72  6:07  Marine  
  72  6:08  SCV  
  72  6:09  SCV  
  76  6:17  Engineering Bay x2  
  76  6:21  Marine, Supply Depot, SCV  
  76  6:23  Supply Depot  
  78  6:42  Marine x3  
  81  6:49  Supply Depot  
  81  6:50  Medivac x2, Barracks Reactor  
  81  6:51  Supply Depot, Barracks Reactor  
  81  6:52  Combat Shield  
  85  6:54  Terran Infantry Weapons Level 1, Terran Infantry Armor Level 1  
  85  6:58  Missile Turret  
  85  7:00  Marine x3, Missile Turret  
  88  7:08  Missile Turret  
  88  7:13  Missile Turret  
  88  7:18  Marine  
  89  7:26  Marine x2  
  89  7:29  Marine x4  
  95  7:35  Marine, Planetary Fortress  
  96  7:37  SCV  
  97  7:44  Marine x2  
  97  7:47  Marine x4  
  103  7:53  Missile Turret  
  103  7:57  Missile Turret  
  89  8:14  Missile Turret  
  89  8:24  Marine x2  
  89  8:25  Marine x3  
  94  8:28  Viking x2  
  94  8:31  Marauder  
  90  8:39  SCV  
  90  8:40  SCV x2  
  93  8:50  Barracks Tech Lab  
  93  8:51  SCV  
  93  8:52  SCV x2  
  93  8:53  Marauder  
  93  8:54  Concussive Shells  
  98  8:56  Siege Tank  
  98  8:58  Viking x2  
  98  9:01  Refinery  
  98  9:02  Refinery  
  105  9:04  SCV x3  
  105  9:07  Supply Depot  
  105  9:09  Supply Depot  
  108  9:14  Marauder  
  108  9:15  Marauder, Marine  
  108  9:16  SCV x2  
  115  9:28  Viking x2  
  119  9:32  Supply Depot  
  119  9:36  Marauder x2  
  123  9:45  Marine x2  
  123  9:46  Marine x4  
  129  9:57  Marauder x2  
  129  9:58  Viking x2  
  137  10:03  Marine  
  138  10:11  Command Center  
  138  10:15  Missile Turret  
  138  10:18  Marauder  
  138  10:19  Marauder  
  142  10:21  Siege Tank  
  142  10:22  Marine  
  146  10:38  Marine x3  
  149  10:48  Supply Depot  
  149  10:51  Missile Turret, Supply Depot  
  149  11:10  Marauder x2, Supply Depot, Siege Tank  
  156  11:15  Supply Depot  
  152  11:31  Marauder x2  
  94  11:40  Marine  
  94  11:41  Marine x5  
  87  11:53  Marauder x2  
  87  11:54  Ghost Academy  
  89  11:55  Ghost Academy  
  89  11:58  Marine x2  
  89  11:59  Marine x4  
  95  12:14  Marauder x2  
  99  12:16  Marine  
  99  12:20  Missile Turret  
  99  12:21  Missile Turret  
  99  12:22  Siege Tank  
  103  12:23  Marine x4  
  103  12:24  Marine  
  103  12:25  Viking  
  103  12:27  Viking  
  112  12:32  Personal Cloaking  
  112  12:34  Marine  
  112  12:35  Marauder x2  
  117  12:37  Planetary Fortress  
  117  12:41  Marine  
  117  12:42  Missile Turret, Refinery  
  118  12:54  Marine x4, Siege Tank  
  118  12:57  Marauder  
  129  12:58  Ghost  
  129  13:02  Enhanced Shockwaves  
  129  13:05  Refinery  
  129  13:07  SCV x3  
  132  13:18  Marauder  
  134  13:26  Siege Tank  
  137  13:27  Ghost  
  137  13:32  Supply Depot x2  
  139  13:39  Marauder  
  141  13:45  Sensor Tower  
  141  13:53  Missile Turret  
  141  13:55  Marine x4, Sensor Tower  
  142  13:56  Marine, Supply Depot x2, Ghost  
  142  13:58  Nuke  
  142  14:01  Marauder  
  150  14:05  Missile Turret  
  140  14:21  Nuke  
  140  14:22  Marauder  
  102  14:24  Ghost  
  64  14:40  Marine x3  
  64  14:41  Marine x3  
  64  14:44  Marauder  
  66  14:53  Marauder  
  66  14:55  Nuke  
  66  14:58  Marine x3  
  66  14:59  Marine x3  
  74  15:04  Ghost  
  76  15:14  Ghost  
  76  15:16  Marine x3, Command Center  
  76  15:17  Medivac  
  76  15:19  Missile Turret  
  76  15:20  SCV  
  84  15:22  Missile Turret, SCV  
  85  15:30  Armory  
  85  15:34  Marauder  
  87  15:40  Refinery  
  87  15:43  Ghost  
  87  15:44  Refinery  
  87  15:49  Marine  
  90  15:50  Marine  
  90  15:55  Marauder  
  93  16:12  Marauder  
  93  16:16  Marauder  
  97  16:25  Marine  
  97  16:26  Marine x5  
  103  16:33  Marauder  
  103  16:38  Marauder  
  105  16:43  Marine x2  
  63  16:55  Marauder  
  63  16:56  Marine  
  63  16:57  Marine x3  
  63  16:59  Marauder  
  69  17:01  Marine x2  
  71  17:14  Marine  
  65  17:16  Marauder  
  65  17:20  Marauder  
  32  17:37  Marauder  
  34  17:42  Marauder  
Tags
 
Add a new tag
Caveats
  • Supply blocks, unpowered buildings, or Contaminate may cause inaccurate times.
  • Supply counts are checked every 10 seconds.